 Dungeon Crawl Stone Soup version 0.30-a0-626-gd6a5dd7a1f (webtiles) character file.

Game seed: 5663376878279468073

6449 testman the Basher (level 10, -3/104 HPs)
             Began as a Troll Gladiator on Jan 11, 2023.
             Was a Priest of Okawaru.
             Slain by a hornet (11 damage)
             ... on level 9 of the Dungeon.
             The game lasted 00:21:35 (8219 turns).

testman the Basher (Troll Gladiator)                Turns: 8219, Time: 00:21:35

Health: -3/104     AC:  6    Str: 28    XL:     10   Next: 67%
Magic:  12/12      EV: 10    Int:  4    God:    Okawaru [***...]
Gold:   473        SH:  0    Dex: 11    Spells: 9/9 levels left

rFire   + . .      SeeInvis .    D - +0 morningstar (protect)
rCold   . . .      Faith    .    (no shield)
rNeg    + . .      Spirit   .    b - +0 robe
rPois   .          Reflect  .    c - +2 hat
rElec   .          Harm     .    (no cloak)
rCorr   .          Rampage  .    (gloves unavailable)
Will    .....                    (boots unavailable)
Stlth   +                        (no amulet)
HPRegen 1.17/turn                g - ring of positive energy
MPRegen 0.13/turn                v - ring of protection from fire

@: lethally poisoned (-3 -> -4), slowed, very slow
A: large, unfitting armour, claws 3, regeneration 1, shaggy fur 1, tough skin 1
a: Renounce Religion, Heroism


You were on level 9 of the Dungeon.
You worshipped Okawaru.
Okawaru was most pleased with you.
You visited 2 branches of the dungeon, and saw 10 of its levels.

You collected 473 gold pieces.

Inventory:

Hand Weapons
 D - a +0 morningstar of protection (weapon)
Missiles
 d - a throwing net
 e - a large rock
 o - a javelin (quivered)
 s - 3 boomerangs of dispersal
 E - a boomerang
 G - 18 poisoned darts
Armour
 b - a +0 robe (worn)
 c - a +2 hat (worn)
Jewellery
 g - a ring of positive energy (left claw)
 r - a +6 ring of intelligence
 v - a ring of protection from fire (right claw)
 K - a +6 ring of strength
Wands
 H - a wand of paralysis (12)
 M - a wand of mindburst (7)
 O - a wand of flame (16)
Scrolls
 a - a scroll of vulnerability
 j - 4 scrolls of teleportation
 k - a scroll of enchant armour
 l - 2 scrolls of amnesia
 q - 5 scrolls of immolation
 x - 2 scrolls of silence
 A - 2 scrolls of enchant weapon
 J - a scroll of fear {unknown}
 L - 2 scrolls of magic mapping {unknown}
 N - a scroll of torment {unknown}
Potions
 f - a potion of mutation
 h - a potion of attraction {unknown}
 i - 2 potions of might
 m - 2 potions of magic
 n - a potion of degeneration {unknown}
 p - 2 potions of curing
 t - 2 potions of haste
 u - a potion of resistance {unknown}
 w - 2 potions of invisibility
 z - a potion of lignification {unknown}
 C - a potion of heal wounds {unknown}
 F - a potion of brilliance {unknown}
 I - a potion of berserk rage {unknown}


   Skills:
 + Level 7.7 Fighting
 + Level 8.7 Maces & Flails
 + Level 8.5 Throwing
 - Level 2.4 Dodging
 + Level 4.4 Invocations


You had 9 spell levels left.
You didn't know any spells.
Your spell library contained the following spells:

 Spells                   Type           Power      Damage    Failure   Level
 Magic Dart               Conj           0%         1d3       50%         1
 Cigotuvi's Dreadful Rot  Necr/Pois/Air  0%         N/A       65%         2
 Searing Ray              Conj           0%         2d4       65%         2
 Frozen Ramparts          Ice            0%         1d1       86%         3
 Dispel Undead            Necr           0%         3d6       99%         4
 Fulminant Prism          Conj/Hex       0%         3d5       99%         4
 Ice Form                 Ice/Tmut       0%         N/A       99%         4
 Summon Small Mammal      Summ           Unusable   N/A       N/A         1
 Call Canine Familiar     Summ           Unusable   N/A       N/A         3
 Summon Guardian Golem    Hex/Summ       Unusable   N/A       N/A         3
 Summon Ice Beast         Ice/Summ       Unusable   N/A       N/A         4
 Death Channel            Necr           Unusable   N/A       N/A         6

Dungeon Overview and Level Annotations

Branches:
Dungeon (9/15)             Temple (1/1) D:5
   Lair: D:8-11         Orc: D:9-12

Altars:
Ashenzari
Cheibriados
Dithmenos
Elyvilon
Fedhas
Gozag
Hepliaklqana
Kikubaaqudgha
Makhleb
Nemelex Xobeh
Okawaru
Qazlal
Ru
Sif Muna
Trog
Uskayaw
Vehumet
Wu Jian
Xom
Yredelemnul
Zin
The Shining One

Shops:
D:6 (   D:8 [


Innate Abilities, Weirdness & Mutations

You are too large for most types of armour.
You have claws for hands.
Your natural rate of healing is unusually fast.
You are covered in fur. (AC +1)
You have tough skin. (AC +1)


Message History

Deactivating autopickup; reactivate with Ctrl-A.
The hornet stings you.
You feel as though you will be slow longer.
You hear an angry buzzing noise.
You barely miss the hornet.
The hornet is moderately wounded.
You feel very sick.
The hornet stings you but does no damage.
The hornet barely misses you.
You feel better. The hornet stings you.
You feel as though you will be slow longer.
The hornet stings you!
You suddenly lose the ability to move!
The killer bee buzzes angrily.
The hornet stings you but does no damage.
An orc warrior comes into view. It is wielding a +0 mace.
The hornet stings you!
* * * LOW HITPOINT WARNING * * *
You feel as though you will be slow longer.
The hornet stings you.
* * * LOW HITPOINT WARNING * * *
You feel as though you will be slow longer.
You can move again.
Okay, then.
Okay, then.
As you read the scroll labelled KUNNAO SICLISS, it crumbles to dust.
It is a scroll of brand weapon.
Your +0 morningstar projects an invisible shield of force!
D - a +0 morningstar of protection (weapon)
The hornet stings you!
* * * LOW HITPOINT WARNING * * *
You are poisoned.
You feel as though you will be slow longer.
The hornet closely misses you. The hornet stings you.
* * * LOW HITPOINT WARNING * * *
You feel as though you will be slow longer.
As you read the scroll labelled XEVAX ORPHYARGH, it crumbles to dust.
The scroll dissolves into smoke.
It was a scroll of fog.
You feel very sick. The hornet stings you!
You die...

#.......#####.##
#.#.###.##.....#
#.#.# #.##.#...####
#.#.###............
#.#............####
#†#####.#...#.##
#§#####.#####.#
#§§§§...# #.#
##@###### #.#
#y#### #.# #KT..#
#.. ##yW'# #.#
#o(.# ..# #.(#..#
...###(.. ..#. (#..
#..### ###..#


You could see a troll, a hornet and a kobold brigand.

Vanquished Creatures
  Pikel (D:7)
  Grinder (Temple)
  3 wraiths (D:9)
  A wyvern (D:9)
  7 yaks (D:9)
  Menkaure (D:7)
  5 water moccasins
  5 orc warriors
  2 sky beasts (D:6)
  An ice beast (D:5)
  4 black bears
  2 lemures (D:7)
  2 centaurs
  3 bullfrogs
  A kobold brigand (D:7)
  2 necrophages (D:6)
  2 gnoll sergeants
  2 scorpions (D:5)
  12 wights
  6 killer bees
  2 howler monkeys
  A hound (D:5)
  A jelly (D:7)
  A gnoll bouda (D:7)
  2 orc priests
  Terence (D:2)
  5 orc wizards
  4 iguanas
  11 gnolls
  10 adders
  A shadow imp (D:6)
  2 white imps
  An ufetubus (D:5)
  2 worms (D:4)
  26 orcs
  6 bats
  8 endoplasms
  4 giant cockroaches
  8 goblins
  4 hobgoblins
  2 jackals (D:3)
  2 quokkas
  7 ball pythons
  4 frilled lizards
  4 kobolds
  6 rats
188 creatures vanquished.

Vanquished Creatures (others)
  9 fungi (D:5)
9 creatures vanquished.

Grand Total: 197 creatures vanquished

Notes
Turn   | Place    | Note
-------+----------+-------------------------------------------
     0 | D:1      | testman the Troll Gladiator began the quest for the Orb.
     0 | D:1      | Reached XP level 1. HP: 19/19 MP: 0/0
   172 | D:1      | Reached XP level 2. HP: 28/28 MP: 1/1
  1082 | D:2      | Noticed Terence
  1101 | D:2      | Killed Terence
  1102 | D:2      | Reached XP level 3. HP: 18/35 MP: 2/2
  1905 | D:3      | Reached XP level 4. HP: 44/44 MP: 3/3
  2446 | D:3      | Found a shimmering altar of Xom.
  2811 | D:4      | Reached XP level 5. HP: 29/52 MP: 4/4
  3555 | D:5      | Entered Level 5 of the Dungeon
  3585 | D:5      | Noticed a black bear
  3599 | D:5      | Killed a black bear
  3604 | D:5      | Reached XP level 6. HP: 37/61 MP: 5/5
  3958 | D:5      | HP: 3/62 [gnoll/+0 flail (8)]
  4046 | D:5      | Reached XP level 7. HP: 60/70 MP: 6/6
  4203 | D:5      | Found a staircase to the Ecumenical Temple.
  4208 | D:5      | Noticed Grinder
  4209 | D:5      | Paralysed by Grinder for 3 turns
  4214 | Temple   | Entered the Ecumenical Temple
  4216 | Temple   | Paralysed by Grinder for 3 turns
  4245 | Temple   | Paralysed by Grinder for 4 turns
  4266 | Temple   | Paralysed by Grinder for 4 turns
  4275 | Temple   | Paralysed by Grinder for 2 turns
  4279 | Temple   | Killed Grinder
  4280 | Temple   | Reached skill level 5 in Maces & Flails
  4404 | Temple   | Became a worshipper of Warmaster Okawaru
  4481 | D:5      | Found a glowing silver altar of Zin.
  4880 | D:5      | Reached skill level 5 in Throwing
  4933 | D:6      | Reached XP level 8. HP: 63/79 MP: 7/7
  4965 | D:6      | Found a hide-covered altar of Uskayaw.
  5005 | D:6      | Found an opulent altar of Gozag.
  5058 | D:6      | Reached skill level 5 in Fighting
  5066 | D:6      | Found a sacrificial altar of Ru.
  5117 | D:6      | Reached * piety under Okawaru
  5334 | D:6      | Found a white marble altar of Elyvilon.
  5373 | D:6      | HP: 3/81 [killer bee (7)]
  5675 | D:6      | Reached XP level 9. HP: 11/89 MP: 8/8
  5879 | D:6      | Found Ashaosso's Antique Weapon Boutique.
  5984 | D:7      | Noticed Menkaure
  5987 | D:7      | Killed Menkaure
  6194 | D:7      | Reached ** piety under Okawaru
  6374 | D:7      | Reached skill level 1 in Invocations
  6411 | D:7      | Noticed Pikel
  6539 | D:7      | Killed Pikel
  6561 | D:7      | Found a glowing golden altar of the Shining One.
  6807 | D:7      | Reached *** piety under Okawaru
  7130 | D:8      | Reached XP level 10. HP: 54/102 MP: 9/11
  7191 | D:8      | Identified the +1 short sword "Ciolea" {heavy, rCorr}
  7227 | D:8      | Found Elulin's Armour Emporium.
  7422 | D:8      | Found a stormy altar of Qazlal.
  8215 | D:9      | Paralysed by a hornet for 3 turns
  8219 | D:9      | Slain by a hornet

Illustrated notes

Levels and vault maps discovered:
D:1:      matt_arrival_diagonals, layout_basic, roderic_st_hans_cross,
          minivault_5
D:2:      layout_loops_corners, hex_medium, uniq_terence
D:3:      layout_basic, xom_confusion_cloud
D:4:      layout_basic
D:5:      layout_basic, mainiacjoe_overflow_alcove_4,
          minmay_temple_entry_butterflies, uniq_grinder
D:6:      layout_loops_ring, mainiacjoe_overflow_catwalk,
          mainiacjoe_overflow_six_doors_small, nicolae_overflow_crystal_walls,
          overflow_temple_1_default, serial_shops, nicolae_shop_crystal
D:7:      minmay_evil_eye, layout_loops_ring, mainiacjoe_overflow_24_doors,
          grunt_ministairs_8, hangedman_abyss_or_decor_lesser_grid, uniq_pikel,
          uniq_menkaure
D:8:      layout_cave_pools, mainiacjoe_overflow_chevrons, serial_shops, shop
D:9:      layout_loops_corners, kennysheep_cross_bottleneck, minivault_26,
          minmay_shop_mass, kennysheep_kite_vault, uniq_psyche
Temple:   eino_narrow_crystal_temple

Skill      XL: |  1  2  3  4  5  6  7  8  9 10 |
---------------+-------------------------------+-----
Throwing       | 2 3 4 5 6 7 8 |  8.5
Maces & Flails | 3 4 5 6 7 8 |  8.7
Fighting       | 2 3 4 5 7 |  7.7
Invocations    | 2 4 |  4.4
Dodging        | |  2.4

Action                   |  1- 3 |  4- 6 |  7- 9 | 10-12 || total
-------------------------+-------+-------+-------+-------++-------
Melee: Flail             |   103 |   135 |       |       ||   238
       Punch             |     1 |     4 |     5 |     2 ||    12
       Morningstar       |       |    48 |   362 |   131 ||   541
Throw: Throwing net      |     1 |     1 |     2 |       ||     4
       Large rock        |     1 |       |     1 |       ||     2
       Javelin           |       |     1 |       |    10 ||    11
Invok: Heroism           |       |       |     5 |     4 ||     9
  Use: Potion            |       |       |     3 |     1 ||     4
       Scroll            |       |       |    11 |     4 ||    15
 Stab: Sleeping          |       |       |     2 |       ||     2
       Distracted        |       |       |       |     1 ||     1
Armor: Robe              |    43 |    79 |    97 |    41 ||   260
Dodge: Dodged            |    81 |   128 |   197 |    82 ||   488

Table legend: (Time is in decaauts)
 A = Elapsed time spent in this place.
 B = Non-inter-level travel time spent in this place.
 C = Inter-level travel time spent in this place.
 D = Time resting spent in this place.
 E = Time spent auto-exploring this place.
 F = Levels seen in this place.
 G = Mean time per level.
                   A        B        C        D        E       F      G
               +--------+--------+--------+--------+--------+-----+--------+
         Total |   8357 |   8080 |    277 |    346 |   5830 |  10 |  835.7 |
       Dungeon |   8148 |   7907 |    241 |    346 |   5775 |   9 |  905.3 |
        Temple |    209 |    173 |     36 |      0 |     55 |   1 |  209.0 |
               +--------+--------+--------+--------+--------+-----+--------+

Top non-repeatable levels by time:
     D:5: 1183 daAuts
     D:6: 1173 daAuts
     D:7: 1143 daAuts
     D:3: 959 daAuts
     D:2: 890 daAuts
     D:4: 887 daAuts
     D:1: 867 daAuts
     D:8: 699 daAuts
     D:9: 343 daAuts
  Temple: 209 daAuts
